 Dungeon Crawl Stone Soup version 0.22.0-49-gab54619 (webtiles) character file.

788 Starchild the Grappler (level 7, -2/66 HPs)
             Began as a Troll Monk on Sept 8, 2018.
             Succumbed to Edmund's poison
             ... in the Ecumenical Temple.
             The game lasted 00:08:37 (3016 turns).

Starchild the Grappler (Troll Monk)                 Turns: 3016, Time: 00:08:37

Health: -2/66      AC:  8    Str: 22    XL:     7   Next: 56%
Magic:  6/6        EV: 13    Int:  6    God:
Gold:   197        SH:  0    Dex: 12    Spells: 6/6 levels left

rFire    . . .     SeeInvis .     - Unarmed
rCold    . . .     Gourm    +   (no shield)
rNeg     . . .     Faith    .   a - +0 robe
rPois    .         Spirit   .   (helmet restricted)
rElec    .         Reflect  .   q - +2 cloak
rCorr    .         Harm     .   (gloves unavailable)
MR       .....                  (boots unavailable)
Stlth    ++........             (no amulet)
HPRegen  0.61/turn              u - +3 ring of evasion
MPRegen  0.10/turn              (no ring)

@: lethally poisoned (-2 -> -56), hasted, very quick
A: large, unfitting armour, claws 3, fast metabolism 3, gourmand, regeneration
1, shaggy fur 1, tough skin 2
a: no special abilities


You were in the Ecumenical Temple.
You were not hungry.

You visited 2 branches of the dungeon, and saw 6 of its levels.

You collected 197 gold pieces.

Inventory:

Missiles
 e - 184 stones
 l - 7 tomahawks (quivered)
 o - 5 large rocks
Armour
 a - a +0 robe (worn)
 q - a +2 cloak (worn)
Jewellery
 u - a +3 ring of evasion (left claw)
 v - a cursed ring of teleportation {unknown}
Wands
 r - a wand of digging (14)
Scrolls
 c - 2 scrolls of fog {unknown}
 d - 13 scrolls of identify {unknown}
 f - a scroll of fear {unknown}
 i - 2 scrolls of enchant weapon {unknown}
 j - a scroll of immolation {unknown}
 n - a scroll of noise {unknown}
Potions
 g - a potion of invisibility {unknown}
 h - 3 potions of haste
 k - a potion of might {unknown}
 m - a potion of degeneration {unknown}
 p - a potion of heal wounds {unknown}
 s - a potion of agility {unknown}
 t - a potion of flight {unknown}
 w - a potion of ambrosia {unknown}
Comestibles
 b - 5 rations


   Skills:
 - Level 2.4 Fighting
 - Level 2.4 Dodging
 - Level 1.0 Stealth
 + Level 9.1 Unarmed Combat


You had 6 spell levels left.
You didn't know any spells.
Your spell library contained the following spells:

 Spells                   Type           Power        Failure   Level  Hunger
 Summon Small Mammal      Summ           #...         45%         1    ##.....
 Call Imp                 Summ           #.......     58%         2    ###....
 Call Canine Familiar     Summ           #.......     83%         3    ####...
 Summon Guardian Golem    Hex/Summ       #.......     83%         3    ####...
 Summon Ice Beast         Ice/Summ       #.......     99%         4    #####..
 Summon Lightning Spire   Summ/Air       #.......     99%         4    #####..


Dungeon Overview and Level Annotations

Branches:
Dungeon (5/15)             Temple (1/1) D:5

Altars:
Gozag
Sif Muna
Uskayaw
Wu Jian
Zin

Annotations:
Temple Edmund


Innate Abilities, Weirdness & Mutations

You are too large for most types of armour.
You have claws for hands.
Your metabolism is lightning-fast.
You like to eat raw meat.
Your natural rate of healing is unusually fast.
You are covered in fur. (AC +1)
You have very tough skin. (AC +2)


Message History

The adder barely misses you.
You scratch Edmund.
Edmund is heavily wounded.
* * * LOW HITPOINT WARNING * * *
You feel very sick. The hound barely misses you.
Edmund hits you with a dire flail of venom.
* * * LOW HITPOINT WARNING * * *
You are more poisoned.
The adder bites you but does no damage.
It was a potion of haste.
You feel yourself speed up.
* * * LOW HITPOINT WARNING * * *
You feel very sick. The hound completely misses you.
The adder closely misses you. The hound misses you.
Edmund hits you with a dire flail of venom.
* * * LOW HITPOINT WARNING * * *
You are more poisoned.
Okay, then.
You die...

.. ... .# .##.##
.# ..... .. .
.## #.⌠. .##._
.... ... ......
##._.##.##._.##.
.......@........
#.<@#
......Sh........
##.⌠.##.##.⌠.##.
.... ... ......
.## #._. .##._
..... .. .
.##.## .# .. ...
.#


You could see Edmund, a hound and an adder.

Vanquished Creatures
  A phantom (D:4)
  The ghost of Anon1729 the Chopper, an amateur NaGl (D:3)
  2 scorpions (D:4)
  A howler monkey (D:4)
  An orc wizard (D:4)
  A quasit (D:3)
  An orc priest (D:4)
  A centaur skeleton (D:4)
  A jelly (D:2)
  Natasha (thrice) (D:2)
  2 worker ants (D:4)
  A worker ant zombie (D:5)
  Robin (D:3)
  8 adders
  An ooze (D:3)
  6 worms
  A dart slug (D:2)
  2 leopard geckos (D:3)
  6 orcs (D:4)
  A giant cockroach (D:4)
  16 goblins
  9 hobgoblins
  9 jackals
  6 kobolds
  3 quokkas
  7 bats
  7 frilled lizards
  6 rats
105 creatures vanquished.

Notes
Turn   | Place    | Note
-------+----------+-------------------------------------------
     0 | D:1      | Starchild the Troll Monk began the quest for the Orb.
     0 | D:1      | Reached XP level 1. HP: 22/22 MP: 0/0
   192 | D:1      | Reached XP level 2. HP: 29/29 MP: 1/1
   576 | D:2      | Noticed Natasha
   600 | D:2      | Killed Natasha
   600 | D:2      | Reached skill level 4 in Unarmed Combat
   600 | D:2      | Reached XP level 3. HP: 21/36 MP: 2/2
   656 | D:2      | Noticed Natasha
   670 | D:2      | Killed Natasha
   670 | D:2      | Reached XP level 4. HP: 22/44 MP: 3/3
   739 | D:2      | Reached skill level 5 in Unarmed Combat
  1013 | D:2      | Noticed Natasha
  1017 | D:2      | Killed Natasha
  1017 | D:2      | Reached XP level 5. HP: 34/50 MP: 4/4
  1262 | D:2      | Reached skill level 6 in Unarmed Combat
  1847 | D:3      | Found a large runed door.
  1847 | D:3      | Found a large runed door.
  1855 | D:3      | Noticed Anon1729's ghost (amateur NaGl)
  1864 | D:3      | Killed Anon1729's ghost
  1864 | D:3      | Reached XP level 6. HP: 33/59 MP: 5/5
  2022 | D:3      | Noticed Robin
  2041 | D:3      | Reached skill level 7 in Unarmed Combat
  2045 | D:3      | Killed Robin
  2446 | D:4      | Reached skill level 8 in Unarmed Combat
  2446 | D:4      | Reached XP level 7. HP: 54/66 MP: 6/6
  2724 | D:4      | Reached skill level 9 in Unarmed Combat
  2993 | D:5      | Entered Level 5 of the Dungeon
  2993 | D:5      | Found a staircase to the Ecumenical Temple.
  2996 | D:5      | Noticed Edmund
  3004 | Temple   | Entered the Ecumenical Temple
  3015 | Temple   | HP: 1/66 [Edmund/dire flail of venom (6)]
  3016 | Temple   | Succumbed to Edmund's poison

Skill      XL: |  1  2  3  4  5  6  7 |
---------------+----------------------+-----
Unarmed Combat | 4 5 6 8 9 |  9.1
Fighting       | |  2.4
Dodging        | |  2.4
Stealth        | |  1.0

Action                   |  1- 3 |  4- 6 |  7- 9 || total
-------------------------+-------+-------+-------++-------
Melee: Unarmed           |    57 |   176 |    71 ||   304
       Punch             |       |     1 |     3 ||     4
  Use: Potion            |       |       |     1 ||     1
 Stab: Sleeping          |     1 |     3 |       ||     4
  Eat: Ration            |     1 |     1 |       ||     2
       Chunk             |       |    14 |     7 ||    21
Armor: Robe              |    27 |    74 |    36 ||   137
Dodge: Dodged            |    36 |    84 |    43 ||   163
